 Dungeon Crawl Stone Soup version 0.28-a0-511-gcc94558de3 (webtiles) character file.

Game seed: 15074710374109651431

3719 Rennog the Grappler (level 9, -10/76 HPs)
             Began as a Demonspawn Fighter on Sept 21, 2021.
             Was a Believer of Makhleb.
             Killed from afar by an electric eel (15 damage)
             ... with a bolt of electricity
             ... on level 7 of the Dungeon.
             The game lasted 00:15:56 (7744 turns).

Rennog the Grappler (Demonspawn Fighter)            Turns: 7744, Time: 00:15:56

Health: -10/76     AC: 10    Str: 19    XL:     9   Next: 92%
Magic:  9/9        EV: 11    Int:  9    God:    Makhleb [**....]
Gold:   817        SH:  6    Dex: 20    Spells: 8/8 levels left

rFire   . . .      SeeInvis .     - Unarmed
rCold   . . .      Faith    .   c - +0 buckler
rNeg    + + +      Spirit   .   b - +0 scale mail
rPois   .          Reflect  .   y - +1 helmet
rElec   .          Harm     .   e - scarf {+Inv}
rCorr   +          Rampage  .   (no gloves)
Will    +....                   l - +0 pair of boots
Stlth   +.........              j - amulet "Rorudese" {Drain rN+++ Regen+ rCorr Stlth+}
HPRegen 1.22/turn               u - ring "Wejepreshi" {Will+ Dex+6}
MPRegen 0.11/turn               (no ring)

@: no status effects
A: claws 2, powered by death 2
a: Renounce Religion, Evoke Invisibility, Minor Destruction


You were on level 7 of the Dungeon.
You worshipped Makhleb.
Makhleb was pleased with you.
You visited 2 branches of the dungeon, and saw 8 of its levels.
You also visited: Sewer and Ossuary.

You collected 817 gold pieces.

Inventory:

Hand Weapons
 a - a +0 rapier
Missiles
 n - 3 throwing nets (quivered)
Armour
 b - a +0 scale mail (worn)
 c - a +0 buckler (worn)
 e - a scarf of invisibility (worn)
 l - a +0 pair of boots (worn)
 y - a +1 helmet (worn)
Jewellery
 j - the amulet "Rorudese" (around neck) {Drain rN+++ Regen+ rCorr Stlth+}
   (You acquired it on level 4 of the Dungeon)

   [amulet of regeneration]

   rN:        It renders you almost immune to negative energy.
   Regen:     It increases your rate of health regeneration.
   rCorr:     It protects you from acid and corrosion.
   Drain:     It drains your maximum health when unequipped.
   Stlth:     It makes you more stealthy.
 u - the ring "Wejepreshi" (left claw) {Will+ Dex+6}
   (You acquired it on level 4 of the Dungeon)

   [ring of dexterity]

   Dex:       It affects your dexterity (+6).
   Will:      It increases your willpower.
Wands
 t - a wand of flame (19)
Scrolls
 f - 2 scrolls of noise
 h - a scroll of amnesia {unknown}
 k - a scroll of vulnerability {unknown}
 m - a scroll of silence
 p - a scroll of holy word
 r - 2 scrolls of enchant weapon
 v - a scroll of fear {unknown}
 w - a scroll of teleportation
 B - a scroll of fog {unknown}
 F - 3 scrolls of enchant armour
 G - a scroll of immolation {unknown}
Potions
 d - 8 potions of flight
 g - a potion of degeneration
 i - 2 potions of curing
 o - a potion of mutation {unknown}
 q - a potion of berserk rage {unknown}
 s - a potion of brilliance {unknown}
 x - 2 potions of haste {unknown}
 z - 2 potions of might
 A - 2 potions of heal wounds
 C - 2 potions of lignification {unknown}
 D - a potion of cancellation {unknown}
 E - a potion of ambrosia {unknown}


   Skills:
 + Level 9.0 Fighting
 - Level 1.7 Short Blades
 + Level 3.5 Armour
 + Level 3.5 Dodging
 + Level 3.5 Shields
 * Level 9.2 Unarmed Combat


You had 8 spell levels left.
You didn't know any spells.
Your spell library contained the following spells:

 Spells                   Type           Power      Damage    Failure   Level
 Blink                    Tloc           N/A        N/A       88%         2
 Passwall                 Tmut/Erth      0%         N/A       88%         2
 Conjure Flame            Conj/Fire      0%         6-21      98%         3
 Ignite Poison            Fire/Tmut/Pois 0%         N/A       98%         3
 Lesser Beckoning         Tloc           0%         N/A       98%         3
 Swiftness                Air            0%         N/A       98%         3
 Sticky Flame             Conj/Fire      0%         2d3       100%        4
 Manifold Assault         Tloc           0%         N/A       100%        5
 Invisibility             Hex            0%         N/A       100%        6


Dungeon Overview and Level Annotations

Branches:
Dungeon (7/15)             Temple (1/1) D:5           Sewer (visited)
Ossuary (visited)

Altars:
Cheibriados
Elyvilon
Fedhas
Gozag
Hepliaklqana
Makhleb
Nemelex Xobeh
Qazlal
Ru
Uskayaw
Vehumet
Xom
Zin
The Shining One

Shops:
D:3 *(*

Annotations:
D:4 2 transporters, quoriil's ghost, amateur SpEE


Innate Abilities, Weirdness & Mutations

You have very sharp fingernails.
You regenerate health from kills.


Message History

No target in view!
No target in view!
No target in view!
You enter the shallow water.
Moving in this stuff is going to be slow.
You see here a vampire mosquito corpse.
You open the door.
An electric eel is nearby!
An electric eel is nearby!
An electric eel is nearby!
An electric eel is nearby!
There is an open door here.
The electric eel shoots out a bolt of lightning at you!
The bolt of electricity hits you!
The electric eel shoots out a bolt of lightning at you!
The bolt of electricity hits you!
The electric eel shoots out a bolt of lightning at you!
The bolt of electricity hits the electric eel.
The electric eel completely resists.
The bolt of electricity hits you!
The electric eel shoots out a bolt of lightning at you!
The bolt of electricity hits the plant!
The plant begins to die.
The bolt of electricity hits you!
You are too injured to fight recklessly!
You are too injured to fight recklessly!
You are too injured to fight recklessly!
You are too injured to fight recklessly!
You are too injured to fight recklessly!
The electric eel shoots out a bolt of lightning at you!
The bolt of electricity hits you.
The electric eel shoots out a bolt of lightning at you!
The bolt of electricity hits the plant!
The bolt of electricity hits you.
The electric eel shoots out a bolt of lightning at you!
The bolt of electricity hits you!
* * * LOW HITPOINT WARNING * * *
The bolt of electricity hits you!
* * * LOW HITPOINT WARNING * * *
The electric eel shoots out a bolt of lightning at you!
The bolt of electricity hits the electric eel.
The electric eel completely resists.
The bolt of electricity hits you!
You die...

###...###.#####. ######...#
##........##.. .≈$!≈##'##
#.####.#.##.# .PP.≈≈#.#
#.........#≈# ..P.≈;#.#
###[)##.####≈# .P≈≈≈≈#≈#
#...)##.# #†≈# ..)$;##≈#
####....##.###.##########≈##
........##.##..#....≈≈##≈##
####....##.##.#'@..;≈;≈#≈#
#....##.##≈#....P.(≈#.#
##.#..#.##≈#...P.!;≈#.#
#.#..#.##≈##..P(.≈##.#
#.#..#.###≈########≈###
#.#....# ##...≈≈≈≈≈##.#####
#.#.#..# ############.....#
#.#.#..# #.##...).###.###.#
#.#.##.###....##)...#..<#.#


You could see 3 electric eels.

Vanquished Creatures
  Grinder (D:5)
  Eustachio (D:5)
  2 steam dragons
  A vampire mosquito (D:7)
  2 water moccasins (D:6)
  3 ice beasts
  3 black bears
  An ogre (D:6)
  A centaur (D:6)
  2 kobold brigands
  12 scorpions
  An elf skeleton (D:7)
  A water moccasin zombie (D:5)
  2 wyvern zombies
  A wyvern skeleton (D:7)
  A centaur zombie (Ossuary)
  2 hounds
  3 human zombies (Ossuary)
  2 jellies
  A gnoll shaman (D:6)
  2 orc priests (D:7)
  A bullfrog skeleton (D:6)
  Ijyb (D:5)
  A human skeleton (D:7)
  2 orc wizards (D:5)
  4 scorpion zombies (Ossuary)
  3 mummies (Ossuary)
  15 gnolls
  7 adders
  2 river rats (Sewer)
  An ufetubus (D:5)
  2 adder skeletons (D:4)
  A worm (D:3)
  6 orcs
  3 ball pythons
  An endoplasm (D:3)
  3 giant cockroaches (D:4)
  4 gnoll zombies (Ossuary)
  7 goblins
  7 hobgoblins
  A jackal (Sewer)
  8 quokkas
  6 bats
  8 frilled lizards
  A goblin zombie (Ossuary)
  6 hobgoblin zombies (Ossuary)
  23 kobolds
  A kobold zombie (Ossuary)
  3 orc skeletons (D:7)
  An orc zombie (D:7)
  14 rats
188 creatures vanquished.

Vanquished Creatures (others)
  4 plants (D:2)
4 creatures vanquished.

Grand Total: 192 creatures vanquished

Notes
Turn   | Place    | Note
-------+----------+-------------------------------------------
     0 | D:1      | Rennog the Demonspawn Fighter began the quest for the Orb.
     0 | D:1      | Reached XP level 1. HP: 18/18 MP: 1/1
   134 | D:1      | Gained mutation: You have sharp fingernails. [demonic
                  | ancestry]
   134 | D:1      | Reached XP level 2. HP: 13/24 MP: 2/2
   483 | D:1      | Reached skill level 1 in Dodging
   860 | D:1      | Found a faded altar of an unknown god.
   876 | D:1      | Reached XP level 3. HP: 28/30 MP: 3/3
  1347 | D:2      | Found a snail-covered altar of Cheibriados.
  1913 | D:2      | Reached XP level 4. HP: 38/38 MP: 4/4
  2513 | D:3      | Found Jupsager's Assorted Antiques.
  2705 | D:3      | Found Sentuell's Antique Weapon Shop.
  3154 | D:3      | Found Zuly's General Store.
  3439 | D:4      | Noticed a necrophage
  3478 | D:4      | Found a glowing drain.
  3503 | Sewer    | Entered a sewer
  3526 | Sewer    | HP: 1/38 [rat (3)]
  3528 | Sewer    | Reached skill level 5 in Fighting
  3536 | Sewer    | Gained mutation: You have very sharp fingernails. [demonic
                  | ancestry]
  3536 | Sewer    | Reached XP level 5. HP: 3/44 MP: 5/5
  4024 | Sewer    | HP: 2/44 [kobold brigand (4)]
  4445 | D:4      | Identified 3 scrolls of acquirement
  4446 | D:4      | Acquired 549 gold pieces
  4447 | D:4      | Acquired the ring "Wejepreshi" {Will+ Dex+6}
  4448 | D:4      | Acquired the amulet "Rorudese" {Drain rN+++ Regen+ rCorr
                  | Stlth+}
  4494 | D:4      | Reached skill level 1 in Unarmed Combat
  4670 | D:4      | Found a transporter.
  4671 | D:4      | Noticed quoriil's ghost (amateur SpEE)
  4675 | D:4      | Found a transporter.
  4779 | D:4      | Reached XP level 6. HP: 43/51 MP: 6/6
  5030 | D:5      | Entered Level 5 of the Dungeon
  5160 | D:5      | Found a staircase to the Ecumenical Temple.
  5172 | Temple   | Entered the Ecumenical Temple
  5503 | Temple   | Became a worshipper of Makhleb the Destroyer
  5713 | D:5      | Noticed Grinder
  5745 | D:5      | Killed Grinder
  5746 | D:5      | Gained mutation: You regenerate a little health from kills.
                  | [demonic ancestry]
  5746 | D:5      | Reached XP level 7. HP: 59/59 MP: 7/7
  5764 | D:5      | Noticed Ijyb
  5803 | D:5      | Killed Ijyb
  5850 | D:5      | Found a shimmering altar of Xom.
  5865 | D:5      | Reached skill level 5 in Unarmed Combat
  5959 | D:5      | Noticed Eustachio
  5980 | D:5      | Killed Eustachio
  5981 | D:5      | Reached XP level 8. HP: 13/67 MP: 8/8
  6519 | D:6      | Reached * piety under Makhleb
  6716 | D:6      | Gained mutation: You regenerate health from kills. [demonic
                  | ancestry]
  6716 | D:6      | Reached XP level 9. HP: 72/74 MP: 9/9
  7076 | D:7      | Found a sand-covered staircase.
  7082 | Ossuary  | Entered an ossuary
  7235 | Ossuary  | Reached ** piety under Makhleb
  7744 | D:7      | Killed from afar by an electric eel

Illustrated notes

Levels and vault maps discovered:
D:1:      heliophobic_arrival_glass_houses, layout_basic,
          dreamdust_ecumenical_altar_sealed_demon
D:2:      layout_basic, basic_altar, serial_bayou_pond_a,
          minmay_misc_feat_four_crosses
D:3:      layout_basic, serial_shops, nicolae_square_shop, shop, shop
D:4:      layout_rooms, gammafunk_ghost_mausoleum, portal_sewer_entry_f
D:5:      layout_loops_ring, mainiacjoe_overflow_chevrons,
          minmay_temple_entry_glassed_door, uniq_ijyb, uniq_eustachio,
          uniq_grinder
D:6:      layout_cave_pools, kennysheep_generic_room_10
D:7:      cheibrodos_two_vegetables, layout_basic, good_gods_mini_temple,
          nicolae_ossuary_entry_catacombs
Temple:   compressed_dpeg_triangle_lava_temple

Skill      XL: |  1  2  3  4  5  6  7  8  9 |
---------------+----------------------------+-----
Dodging        | 1 2 3 |  3.5
Fighting       | 4 5 6 7 8 9 |  9.0
Unarmed Combat | 1 4 5 7 9 |  9.2
Shields        | 3 |  3.5
Armour         | 3 |  3.5
Short Blades   | |  1.7

Action                   |  1- 3 |  4- 6 |  7- 9 || total
-------------------------+-------+-------+-------++-------
Melee: Rapier            |   139 |   142 |       ||   281
       Unarmed           |       |   109 |   409 ||   518
  Use: Potion            |       |     7 |       ||     7
       Scroll            |       |    10 |     2 ||    12
 Stab: Sleeping          |       |       |     2 ||     2
Armor: Scale mail        |    58 |   117 |   143 ||   318
Dodge: Dodged            |    78 |   153 |   142 ||   373
Block: Buckler           |    35 |    56 |   113 ||   204

Table legend: (Time is in decaauts)
 A = Elapsed time spent in this place.
 B = Non-inter-level travel time spent in this place.
 C = Inter-level travel time spent in this place.
 D = Time resting spent in this place.
 E = Time spent auto-exploring this place.
 F = Levels seen in this place.
 G = Mean time per level.
                   A        B        C        D        E       F      G
               +--------+--------+--------+--------+--------+-----+--------+
         Total |   7834 |   7446 |    388 |    400 |   5244 |  10 |  783.4 |
       Dungeon |   6103 |   5746 |    357 |    394 |   4019 |   7 |  871.9 |
        Temple |    341 |    310 |     31 |      0 |    302 |   1 |  341.0 |
         Sewer |   1022 |   1022 |      0 |      6 |    780 |   1 | 1022.0 |
       Ossuary |    367 |    367 |      0 |      0 |    142 |   1 |  367.0 |
               +--------+--------+--------+--------+--------+-----+--------+

Top non-repeatable levels by time:
     D:1: 1409 daAuts
     D:2: 1129 daAuts
     D:3: 1026 daAuts
   Sewer: 1022 daAuts
     D:5: 803 daAuts
     D:6: 725 daAuts
     D:4: 566 daAuts
     D:7: 443 daAuts
 Ossuary: 367 daAuts
  Temple: 341 daAuts
